 Dungeon Crawl Stone Soup version 0.28-a0-948-gee6e0bcda6 (webtiles) character file.

Game seed: 381127006222077905

31 dvdlha the Sneak (level 3, -2/16 HPs)
             Began as a Spriggan Enchanter on Nov 30, 2021.
             Slain by a kobold (5 damage)
             ... on level 1 of the Dungeon.
             The game lasted 00:02:01 (1086 turns).

dvdlha the Sneak (Spriggan Enchanter)               Turns: 1086, Time: 00:02:02

Health: -2/16      AC:  2    Str:  5    XL:     3   Next: 7%
Magic:  0/9        EV: 17    Int: 16    God:
Gold:   26         SH:  0    Dex: 15    Spells: 7/9 levels left

rFire   . . .      SeeInvis +   a - +1 dagger
rCold   . . .      Faith    .   (shield restricted)
rNeg    . . .      Spirit   .   b - +0 robe
rPois   .          Reflect  .   (helmet restricted)
rElec   .          Harm     .   (no cloak)
rCorr   .          Rampage  .   (gloves unavailable)
Will    .....                   (boots unavailable)
Stlth   +++.......              (no amulet)
HPRegen 0.05/turn               (no ring)
MPRegen 0.11/turn               (no ring)

@: very slightly contaminated, invisible, very quick
A: very small, no large weapons, unfitting armour, see invisible, speed 3
a: no special abilities


You were on level 1 of the Dungeon.
You visited 1 branch of the dungeon, and saw 2 of its levels.

You collected 26 gold pieces.

Inventory:

Hand Weapons
 a - a +1 dagger (weapon)
Armour
 b - a +0 robe (worn)
Scrolls
 d - a scroll of fear {unknown}


   Skills:
 - Level 1.1 Short Blades
 - Level 2.6 Dodging
 - Level 4.4 Stealth
 + Level 3.7 Spellcasting
 + Level 4.4 Hexes


You had 7 spell levels left.
You knew the following spells:

 Your Spells              Type           Power      Damage    Failure   Level
a - Ensorcelled Hibernat  Hex/Ice        20%        N/A       11%         2

Your spell library contained the following spells:

 Spells                   Type           Power      Damage    Failure   Level
 Confusing Touch          Hex            17%        N/A       9%          3
 Tukima's Dance           Hex            17%        N/A       9%          3
 Dazzling Flash           Conj/Hex       20%        N/A       22%         3


Dungeon Overview and Level Annotations

Branches:
Dungeon (2/15)

Altars:


Innate Abilities, Weirdness & Mutations

You are very small and have problems with some larger weapons.
You are too small for most types of armour.
You have supernaturally acute eyesight. (SInv)
You cover ground extremely quickly. (Speed+++)


Message History

Nothing appears to happen.
The hobgoblin barely misses you.
Casting: Ensorcelled Hibernation (safe; 11% risk of failure)
Confirm with . or Enter, or press ? or * to list all spells.
Aiming: Ensorcelled Hibernation (safe; 11% risk of failure)
Press: ? - help, Shift-Dir - straight line, f/p - hobgoblin
Aim: a hobgoblin (chance to affect: 59%)
You miscast Ensorcelled Hibernation.
Nothing appears to happen.
The hobgoblin misses you.
Unknown command.
Casting: Ensorcelled Hibernation (safe; 11% risk of failure)
Confirm with . or Enter, or press ? or * to list all spells.
Aiming: Ensorcelled Hibernation (safe; 11% risk of failure)
Press: ? - help, Shift-Dir - straight line, f/p - hobgoblin
Aim: a hobgoblin (chance to affect: 59%)
The hobgoblin looks drowsy...
Unknown command.
The helpless hobgoblin fails to defend itself.
You puncture the hobgoblin!
You kill the hobgoblin!
The kobold throws a stone.
The stone hits you but does no damage.
Casting: Ensorcelled Hibernation (safe; 11% risk of failure)
Confirm with . or Enter, or press ? or * to list all spells.
Aiming: Ensorcelled Hibernation (safe; 11% risk of failure)
Press: ? - help, Shift-Dir - straight line, f - kobold
Aim: a kobold, wielding a +0 short sword and quivering stones (chance to affect: 59%)
The kobold resists with significant effort.
You barely miss the kobold.
The kobold hits you with a +0 short sword.
* * * LOW HITPOINT WARNING * * *
You fade into invisibility!
The kobold misses you.
You hit the kobold.
The kobold is severely wounded.
The kobold closely misses you.
You barely miss the kobold.
The kobold is severely wounded.
You barely miss the kobold.
The kobold is severely wounded.
The kobold hits you with a +0 short sword.
You die...

#.............#.#
######.######.#.#
####.# #.#.##
#....# #..#.##
#.#### ####.###>##
#.######.#.## ##.##
##........>## ##.#
#...###.#.#.##
##.##
#...@Kg......###.##
#...###.#.#.#.#.##
##.## ##.....#.##
#.# ##.#..### #.#
###..# #.#
#..######## #.#
#..#)...... #.#
#..#.######
########.# #..#.#


You could see a goblin and a kobold.

Vanquished Creatures
  A dart slug (D:2)
  A ball python (D:1)
  5 endoplasms (D:1)
  4 goblins (D:1)
  3 hobgoblins (D:1)
  3 quokkas (D:1)
  3 bats (D:1)
  3 frilled lizards (D:1)
  2 kobolds (D:1)
25 creatures vanquished.

Notes
Turn   | Place    | Note
-------+----------+-------------------------------------------
     0 | D:1      | dvdlha the Spriggan Enchanter began the quest for the Orb.
     0 | D:1      | Reached XP level 1. HP: 9/9 MP: 5/5
   203 | D:1      | Reached XP level 2. HP: 12/13 MP: 7/7
   206 | D:1      | Learned a level 2 spell: Ensorcelled Hibernation
   766 | D:1      | Found a faded altar of an unknown god.
  1059 | D:2      | Reached XP level 3. HP: 15/16 MP: 6/9
  1086 | D:1      | Slain by a kobold

Illustrated notes

Levels and vault maps discovered:
D:1:      tarquinn_simple_flora_water_f, layout_loops_ring,
          ebering_ecumenical_altar_box, minmay_misc_feat_doors,
          chequers_serial_rivers_micro_c, eino_curves_03
D:2:      layout_rooms, uniq_sigmund, uniq_robin

Skill      XL: |  1 |
---------------+----+-----
Spellcasting   | 3 |  3.7
Hexes          | 4 |  4.4
Short Blades   | |  1.1
Dodging        | |  2.6
Stealth        | |  4.4

Action                   || total
-------------------------++-------
Melee: Dagger            ||    58
 Cast: Ensorcelled Hiber ||    10
  Use: Potion            ||     1
 Stab: Sleeping          ||    17
Armor: Robe              ||    10
Dodge: Dodged            ||    53

Table legend: (Time is in decaauts)
 A = Elapsed time spent in this place.
 B = Non-inter-level travel time spent in this place.
 C = Inter-level travel time spent in this place.
 D = Time resting spent in this place.
 E = Time spent auto-exploring this place.
 F = Levels seen in this place.
 G = Mean time per level.
                   A        B        C        D        E       F      G
               +--------+--------+--------+--------+--------+-----+--------+
         Total |    873 |    861 |     12 |    181 |    506 |   2 |  436.5 |
       Dungeon |    873 |    861 |     12 |    181 |    506 |   2 |  436.5 |
               +--------+--------+--------+--------+--------+-----+--------+

Top non-repeatable levels by time:
     D:1: 858 daAuts
     D:2: 14 daAuts
